 Dungeon Crawl Stone Soup version 0.28.0-45-g0d030f2227 (webtiles) character file.

Game seed: 17483685456871334823

114 Peep the Chucker (level 4, -2/44 HPs)
             Began as an Ogre Hunter on Apr 17, 2022.
             Killed by divine providence
             ... invoked by an orc priest
              (13 damage)
             ... on level 3 of the Dungeon.
             The game lasted 00:05:24 (3593 turns).

Peep the Chucker (Ogre Hunter)                      Turns: 3593, Time: 00:05:25

Health: -2/44      AC:  3    Str: 16    XL:     4   Next: 97%
Magic:  4/4        EV:  9    Int: 14    God:
Gold:   38         SH:  0    Dex:  9    Spells: 3/3 levels left

rFire   . . .      SeeInvis .   a - +0 short sword
rCold   . . .      Faith    .   (no shield)
rNeg    . . .      Spirit   .   b - +0 robe
rPois   +          Reflect  .   (helmet restricted)
rElec   .          Harm     .   j - scarf {shadows}
rCorr   .          Rampage  .   (gloves unavailable)
Will    .....                   (boots unavailable)
Stlth   +.........              (no amulet)
HPRegen 0.14/turn               h - ring of poison resistance
MPRegen 0.09/turn               (no ring)

@: no status effects
A: large, unfitting armour, tough skin 1
a: no special abilities


You were on level 3 of the Dungeon.
You visited 1 branch of the dungeon, and saw 3 of its levels.

You collected 38 gold pieces.

Inventory:

Hand Weapons
 a - a +0 short sword (weapon)
 f - a +0 club
 i - a +0 whip
 n - a +3 quarterstaff of chaos
Missiles
 c - a large rock (quivered)
 d - a throwing net
Armour
 b - a +0 robe (worn)
 j - a scarf of shadows (worn)
 l - a +0 cloak
 o - a +0 cloak
Jewellery
 h - a ring of poison resistance (left hand)
Scrolls
 e - a scroll of identify {unknown}
 g - 2 scrolls of fog {unknown}
 k - a scroll of brand weapon {unknown}
Potions
 m - a potion of attraction {unknown}


   Skills:
 - Level 2.6 Fighting
 - Level 0.1 Short Blades
 * Level 2.4 Maces & Flails
 * Level 5.2 Throwing
 - Level 1.7 Dodging
 - Level 0.9 Stealth


You had 3 spell levels left.
You didn't know any spells.
Your spell library was empty.

Dungeon Overview and Level Annotations

Branches:
Dungeon (3/15)

Altars:
Dithmenos
Ru

Shops:
D:1 :(


Innate Abilities, Weirdness & Mutations

You are too large for most types of armour.
You have tough skin. (AC +1)


Message History

The bat hits you but does no damage. The bat hits you but does no damage.
The bat completely misses you. The bat hits you but does no damage.
The bat closely misses you. The bat closely misses you.
The bat hits you but does no damage. The bat barely misses you.
The bat hits you.
* * * LOW HITPOINT WARNING * * *
The bat barely misses you.
You barely miss the bat. The bat hits you.
* * * LOW HITPOINT WARNING * * *
Throw: 4 large rocks
Press: ? - help, Q - select action, (/) - cycle Shift-Dir - straight line, f - gnoll
Aim: a gnoll, wielding a +0 whip (61% to hit)
You throw a large rock. The large rock misses the bat.
The large rock closely misses the gnoll.
The large rock closely misses the orc.
The bat hits you.
* * * LOW HITPOINT WARNING * * *
The bat closely misses you.
Throw: 3 large rocks
Press: ? - help, Q - select action, (/) - cycle Shift-Dir - straight line, f/p - gnoll
Aim: a gnoll, wielding a +0 whip (61% to hit)
You throw a large rock. The large rock closely misses the bat.
The large rock hits the gnoll!
You kill the gnoll!
You hear the slow rusting of a very distant drain.
The bat hits you but does no damage. The bat barely misses you. x2
The bat closely misses you.
Throw: 2 large rocks
Press: ? - help, Q - select action, (/) - cycle Shift-Dir - straight line, f - gnoll
Aim: a gnoll, wielding a +0 halberd (61% to hit)
You throw a large rock. The large rock closely misses the bat.
The large rock hits the orc.
The orc is moderately wounded.
The bat barely misses you.
The orc priest mumbles some strange prayers to Beogh against you.
Beogh smites you!
You die...

#.≈§..(...§g..#.#
#.≈.§≈≈≈≈≈≈g#.#.##
#(g.go............
#o####.#.#..#.#...
#.# #.....>......
#g# #####..#.....
#o# #..#.#... #b#
#.## #..< #@#
#........ #.......
....... #######.
.g..... .g.....
..g...# ......


You could see an orc priest, 2 gnolls, an orc and a bat.

Vanquished Creatures
  Crazy Yiuf (D:2)
  A gnoll (D:3)
  2 adders (D:2)
  3 worms (D:2)
  An orc (D:2)
  3 endoplasms (D:2)
  A giant cockroach (D:1)
  8 hobgoblins
  7 kobolds
  2 quokkas
  3 ball pythons (D:2)
  6 bats
  6 frilled lizards
  7 goblins
  A rat (D:1)
52 creatures vanquished.

Notes
Turn   | Place    | Note
-------+----------+-------------------------------------------
     0 | D:1      | Peep the Ogre Hunter began the quest for the Orb.
     0 | D:1      | Reached XP level 1. HP: 22/22 MP: 1/1
    45 | D:1      | Found a faded altar of an unknown god.
   328 | D:1      | Reached XP level 2. HP: 25/29 MP: 2/2
   714 | D:1      | Found Lomoirit's Book Shoppe.
   979 | D:1      | Found Loanoxixtum's Antique Weapon Boutique.
  1345 | D:1      | Reached skill level 1 in Maces & Flails
  1543 | D:2      | Found a sacrificial altar of Ru.
  1558 | D:2      | Reached XP level 3. HP: 30/36 MP: 3/3
  2144 | D:2      | Reached XP level 4. HP: 15/44 MP: 4/4
  3164 | D:2      | Found a runed translucent door.
  3165 | D:2      | Noticed Crazy Yiuf
  3243 | D:2      | Reached skill level 5 in Throwing
  3466 | D:2      | Killed Crazy Yiuf
  3580 | D:3      | Found a shadowy altar of Dithmenos.
  3593 | D:3      | Killed from afar by an orc priest

Illustrated notes

Levels and vault maps discovered:
D:1:      dpeg_arrival_signposts, layout_basic, serial_shops,
          nicolae_shop_overgrown_old_shop, shop, ebering_ecumenical_altar_webs,
          minmay_misc_feat_alley
D:2:      layout_loops_ring, basic_altar, minmay_divided_ellipse,
          uniq_crazy_yiuf_cottage
D:3:      layout_basic, xom_redecorated, mainiacjoe_overflow_brackets,
          zin_statuary, portal_sewer_entry_f, serial_shops, shop,
          minmay_ruptured

Skill      XL: |  1  2  3  4 |
---------------+-------------+-----
Maces & Flails | 1 2 |  2.4
Throwing       | 5 |  5.2
Fighting       | |  2.6
Short Blades   | |  0.1
Dodging        | |  1.7
Stealth        | |  0.9

Action                   |  1- 3 |  4- 6 || total
-------------------------+-------+-------++-------
Melee: Short sword       |   145 |    59 ||   204
       Punch             |     1 |     1 ||     2
Throw: Large rock        |    14 |     5 ||    19
       Throwing net      |     2 |     1 ||     3
 Stab: Sleeping          |     1 |       ||     1
Armor: Robe              |    66 |    30 ||    96
Dodge: Dodged            |    82 |    46 ||   128
